 Dungeon Crawl Stone Soup version 0.29.0-15-g675c0067aa (webtiles) character file.

Game seed: 11413949509607452296

120 qw the Chopper (level 5, -2/32 HPs)
             Began as a Gargoyle Fighter on Sept 12, 2022.
             Slain by a wight
             ... wielding a +0 hand axe
              (4 damage)
             ... on level 6 of the Dungeon.
             The game lasted 00:00:48 (2617 turns).

qw the Chopper (Gargoyle Fighter)                   Turns: 2617, Time: 00:00:48

Health: -2/32      AC: 10    Str: 22    XL:     5   Next: 4%
Magic:  5/5        EV:  9    Int:  8    God:
Gold:   130        SH:  4    Dex:  9    Spells: 4/4 levels left

rFire   . . .      SeeInvis .   Y - +0 war axe
rCold   . . .      Faith    .   c - +0 buckler
rNeg    + . .      Spirit   .   b - +0 scale mail
rPois   inf        Reflect  .   (no helmet)
rElec   +          Harm     .   (no cloak)
rCorr   .          Rampage  .   (no gloves)
Will    .....                   (no boots)
Stlth   ..........              (no amulet)
HPRegen 0.10/turn               (no ring)
MPRegen 0.09/turn               (no ring)

@: no status effects
A: sickness immunity, AC +4, negative energy resistance 1, electricity
resistance, torment resistance 1, petrification resistance
a: no special abilities


You were on level 6 of the Dungeon.
You visited 1 branch of the dungeon, and saw 4 of its levels.

You collected 130 gold pieces.


Innate Abilities, Weirdness & Mutations

You are immune to sickness and miasma.
Your stone body is resilient. (AC +4)
You are immune to poison.
You resist negative energy. (rN+)
You are resistant to electric shocks. (rElec)
You are resistant to unholy torment.
You are immune to petrification.


   Skills:
 - Level 3.2 Fighting
 + Level 4.4 Axes
 - Level 1.0 Throwing
 - Level 3.2 Armour
 - Level 3.2 Shields


You had 4 spell levels left.
You didn't know any spells.
Your spell library was empty.

Inventory:

Hand Weapons
 f - a +2 vorpal hammer
 Y - a +0 war axe (weapon)
Missiles
 i - 2 javelins (quivered)
Armour
 b - a +0 scale mail (worn)
 c - a +0 buckler (worn)
Potions
 a - a potion of attraction {unknown}
 d - a potion of might
 e - a potion of flight {unknown}
 g - a potion of invisibility {unknown}
 h - 2 potions of curing {unknown}
 j - a potion of magic {unknown}

Dungeon Overview and Level Annotations

Branches:
Dungeon (3/15)

Altars:

Annotations:
D:2 1 runed translucent door, Crazy Yiuf


Message History

You slash the ball python!
You kill the ball python!
i - 2 javelins (gained 1)
A sourceless malevolence fills the Dungeon...
You fall into a shaft and drop 3 floors!
The shaft crumbles and collapses.
You now have 121 gold pieces (gained 13).
h - 2 murky clear potions Existing waypoints: (1) D:2 (2) D:3 Assign waypoint to what number? (0-9, D - delete waypoint) Waypoint 1 re-assigned from D:2 to D:6.
Enter note:
Enter note: You now have 130 gold pieces (gained 9). 3 wights come into view.
A wight is wielding a +3 flail of freezing.
The wight hits you with a +3 flail of freezing.
The wight freezes you. The wight hits you with a +0 halberd.
The wight closely misses you.
You hit the wight but do no damage. x2; You hit the wight.
The wight closely misses you. x3
You closely miss the wight.
The wight is lightly damaged.
You barely miss the wight. You hit the wight but do no damage.
The wight hits you but does no damage. The wight hits you with a +0 halberd.
The wight hits you but does no damage.
You hit the wight.
The wight is moderately damaged.
You closely miss the wight. You hit the wight but do no damage.
The wight hits you with a +3 flail of freezing.
The wight freezes you. The wight hits you with a +0 halberd.
The wight hits you with a +0 hand axe!
You closely miss the wight.
The wight is moderately damaged.
You hit the wight. You closely miss the wight.
The wight hits you with a +3 flail of freezing.
The wight freezes you. You block the wight's attack.
The wight hits you with a +0 hand axe.
You die...

##+#######+## ...
.##...........# ....
......z.......###....
#...z@.............
#...z..............
#..................
##########.........
#......... #.........
#......... #.........
#.########


You could see 3 wights.

Vanquished Creatures
  Terence (D:2)
  3 adders
  2 worms
  A dart slug (D:2)
  3 bats
  6 endoplasms
  2 giant cockroaches
  2 goblins
  8 hobgoblins
  2 jackals (D:1)
  A quokka (D:1)
  9 ball pythons
  7 frilled lizards
  9 kobolds
  6 rats
62 creatures vanquished.

Notes
Turn   | Place    | Note
-------+----------+-------------------------------------------
     0 | D:1      | qw the Gargoyle Fighter began the quest for the Orb.
     0 | D:1      | Reached XP level 1. HP: 14/14 MP: 1/1
     0 | D:1      | 0 ||| qw: Version: 0.1-a-119-g272c26d
     0 | D:1      | 0 ||| qw: Game counter: 11038
     0 | D:1      | 0 ||| qw: Always use a shield: true
     0 | D:1      | 0 ||| qw: God list: Okawaru
     0 | D:1      | 0 ||| qw: Allow faded altars: false
     0 | D:1      | 0 ||| qw: Do Orc after D:15 true
     0 | D:1      | 0 ||| qw: Do second Lair branch before Depths: true
     0 | D:1      | 0 ||| qw: Lair rune preference: random
     0 | D:1      | 0 ||| qw: Plans: Normal, Zot, God:TSO, Crypt, Tomb, Pan,
                  | Slime, Hells, Zig, Abyss, Orb
     0 | D:1      | 0 ||| PLANNING D:1-11
   113 | D:1      | Reached skill level 2 in Axes
   183 | D:1      | 183 ||| Stepping ~*~*~tactically~*~*~ (stealth).
   184 | D:1      | 184 ||| Stepping ~*~*~tactically~*~*~ (stealth).
   197 | D:1      | Reached XP level 2. HP: 16/19 MP: 2/2
   728 | D:1      | 728 ||| Stepping ~*~*~tactically~*~*~ (stealth).
   739 | D:1      | Reached skill level 3 in Axes
   761 | D:1      | Found a faded altar of an unknown god.
   786 | D:1      | Reached XP level 3. HP: 23/23 MP: 3/3
   882 | D:1      | 882 ||| Stepping ~*~*~tactically~*~*~ (stealth).
   957 | D:1      | 957 ||| READING scroll labelled QEN OQAFRUF.
   981 | D:2      | 981 ||| STAIRDANCE
  1003 | D:2      | Reached skill level 1 in Throwing
  1041 | D:2      | 1041 ||| Stepping ~*~*~tactically~*~*~ (stealth).
  1158 | D:2      | 1158 ||| DROPPING +0 club.
  1502 | D:2      | 1502 ||| DROPPING +0 whip.
  1509 | D:2      | Found a runed translucent door.
  1510 | D:2      | Noticed Crazy Yiuf
  1647 | D:2      | Noticed Terence
  1652 | D:2      | Killed Terence
  1653 | D:2      | Reached XP level 4. HP: 28/28 MP: 4/4
  1890 | D:2      | 1890 ||| READING scroll labelled FOTAUV UTEGE.
  1926 | D:3      | 1926 ||| STAIRDANCE
  2002 | D:3      | 2002 ||| STAIRDANCE
  2078 | D:3      | 2078 ||| STAIRDANCE
  2086 | D:2      | Reached skill level 4 in Axes
  2144 | D:3      | 2144 ||| STAIRDANCE
  2290 | D:3      | 2290 ||| Stepping ~*~*~tactically~*~*~ (stealth).
  2369 | D:3      | Reached XP level 5. HP: 25/32 MP: 5/5
  2584 | D:3      | You fall into a shaft and drop 3 floors!
  2616 | D:6      | HP: 5/32 [wight/+0 hand axe (7)]
  2617 | D:6      | HP: 2/32 [wight/+3 flail of freezing (1)]
  2617 | D:6      | Slain by a wight

Levels and vault maps discovered:
D:1:      dpeg_arrival_rhombi, layout_basic, ebering_ecumenical_altar_webs
D:2:      layout_loops_ring, uniq_terence, uniq_crazy_yiuf_cottage
D:3:      layout_basic, lemuel_coloured_pillars_altar
D:6:      layout_basic, uniq_eustachio

Skill      XL: |  1  2  3  4 |
---------------+-------------+-----
Axes           | 2 3 4 |  4.4
Throwing       | 1 |  1.0
Fighting       | |  3.2
Armour         | |  3.2
Shields        | |  3.2

Action                   |  1- 3 |  4- 6 || total
-------------------------+-------+-------++-------
Melee: War axe           |    73 |    68 ||   141
Throw: Javelin           |    30 |    14 ||    44
  Use: Scroll            |     1 |     1 ||     2
Armor: Scale mail        |    37 |    41 ||    78
Dodge: Dodged            |    41 |    33 ||    74
Block: Buckler           |     9 |    10 ||    19

Table legend:
 A = Non-vault XP
 B = Vault XP
 C = Vault XP percentage of total XP
 D = Non-vault monster count
 E = Vault monster count
 F = Vault count percentage of total count
                 A         B        C        D         E       F
            +---------+---------+-------+---------+---------+-------
      Total |     136 |      36 |  20.9 |      61 |       1 |   1.6
            +---------+---------+-------+---------+---------+-------
        D:1 |      45 |       0 |   0.0 |      28 |       0 |   0.0
        D:2 |      45 |      36 |  44.4 |      20 |       1 |   4.8
        D:3 |      46 |       0 |   0.0 |      13 |       0 |   0.0
            +---------+---------+-------+---------+---------+-------
